 Dungeon Crawl Stone Soup version 0.17-a0-1324-ga541562 (webtiles) character file.

647800 vonhedlund the Axe Maniac (level 27, -5/258 HPs)
             Began as a Hill Orc Hunter on May 30, 2015.
             Was the Champion of Okawaru.
             Killed from afar by an electric golem (23 damage)
             ... with a bolt of lightning
             ... on level 5 of the Realm of Zot on June 9, 2015.
             The game lasted 16:36:37 (82887 turns).

vonhedlund the Axe Maniac (Hill Orc Hunter)        Turns: 82887, Time: 16:36:38

Health: -5/258     AC: 29    Str: 38    XL:     27
Magic:  42/42      EV: 31    Int: 13    God:    Okawaru [******]
Gold:   4064       SH:  0    Dex: 21    Spells: 2 memorised, 35 levels left

rFire  + + +     SeeInvis +     P - +9 executioner's axe (flame)
rCold  . . .     Clarity  .     I - +4 ring mail of Tywnef {MR++ Str+3 Int-2 Dex+4}
rNeg   + . .     SustAt   .     (no shield)
rPois  +         Gourm    .     D - +2 helmet {rF+}
rElec  .         Spirit   .     s - +2 cloak of the Manifold Wonders {rC+ rN+ Str+4 SInv}
rCorr  .         Warding  .     Y - +2 pair of gloves {Str+3}
rMut   +         Stasis   .     S - +2 pair of boots {run}
MR     ++++.                    f - amulet "Luliohon" {rMut Str+4 Stlth+}
Stlth  ++++++....               o - ring "Faxum" {rPois rF++ rC- MP+9 Int+2}
                                Q - ring "Boux" {Int+2 Dex+2 Slay+5}

@: quick, incredibly resistant to hostile enchantments, very stealthy
A: no striking features
a: Heroism, Finesse, Renounce Religion
}: 4/15 runes: barnacled, slimy, silver, gossamer


You were on level 5 of the Realm of Zot.
You worshipped Okawaru.
Okawaru was exalted by your worship.
You were not hungry.

You visited 13 branches of the dungeon, and saw 62 of its levels.
You visited the Abyss 2 times.
You visited 1 bazaar.
You also visited: Labyrinth, Ice Cave and Volcano.

You collected 7813 gold pieces.
You spent 3749 gold pieces at shops.

Inventory:

Hand weapons
 a - the +10 battleaxe of Okawaru's Reproof {pain, rPois Int+4 Dex+4}
   (Okawaru gifted it to you on level 5 of the Depths)

   In the hands of one skilled in necromantic magic, it inflicts extra damage on
   living creatures.
   It affects your intelligence (+4).
   It affects your dexterity (+4).
   It protects you from poison.
 b - a +5 greatsling of evasion
 A - the +8 war axe of Desperation {flame, rPois SInv}
   (You bought it in a shop on level 2 of the Vaults)

   It has been specially enchanted to burn those struck by it, causing extra
   injury to most foes and up to half again as much damage against particularly
   susceptible opponents.
   Big, fiery blades are also staple armaments of hydra-hunters.
   It protects you from poison.
   It lets you see invisible.
 P - a +9 executioner's axe of flaming (weapon)
Missiles
 c - 311 sling bullets
 g - 56 javelins
 m - 133 sling bullets of frost
 n - 22 poisoned javelins
 p - 112 sling bullets of flame
 z - 45 poisoned sling bullets
 E - 14 silver javelins
 F - 74 tomahawks (quivered)
Armour
 s - the +2 cloak of the Manifold Wonders (worn) {rC+ rN+ Str+4 SInv}
   (Okawaru gifted it to you on level 4 of the Depths)

   It affects your strength (+4).
   It protects you from cold.
   It protects you from negative energy.
   It lets you see invisible.
 w - the +2 cloak of the Hanged Man {rElec Regen+ Int-5 Dex+6}
   (Okawaru gifted it to you on level 11 of the Dungeon)

   It affects your intelligence (-5).
   It affects your dexterity (+6).
   It insulates you from electricity.
   It increases your rate of regeneration.
 D - a +2 helmet of fire resistance (worn)
 I - the +4 ring mail of Tywnef (worn) {MR++ Str+3 Int-2 Dex+4}
   (You found it on level 5 of the Vaults)

   It affects your strength (+3).
   It affects your intelligence (-2).
   It affects your dexterity (+4).
   It affects your resistance to hostile enchantments.
 S - a +2 pair of boots of running (worn)
 Y - a +2 pair of gloves of strength (worn)
Jewellery
 f - the amulet "Luliohon" (around neck) {rMut Str+4 Stlth+}
   (You took it off an ironbrand convoker on level 5 of the Vaults)

   [amulet of resist mutation]

   It protects you from mutation.
   It affects your strength (+4).
   It makes you more stealthy.
 o - the ring "Faxum" (right hand) {rPois rF++ rC- MP+9 Int+2}
   (You took it off a deep elf annihilator on level 3 of the Elven Halls)

   [ring of poison resistance]

   It affects your intelligence (+2).
   It greatly protects you from fire.
   It makes you vulnerable to cold.
   It protects you from poison.
   It affects your magic capacity (+9).
 x - the amulet of Desonk {rCorr rElec Dex+4}
   (You found it on level 6 of the Pits of Slime)

   [amulet of resist corrosion]

   It protects you from acid and corrosion.
   It affects your dexterity (+4).
   It insulates you from electricity.
 B - an uncursed amulet of clarity
 G - the ring "Viraojunt" {+Blink rF+ MP-9 Dex+5}
   (You found it on level 6 of the Pits of Slime)

   [ring of dexterity]

   It affects your dexterity (+5).
   It protects you from fire.
   It affects your magic capacity (-9).
   It lets you blink.
 O - an uncursed ring of protection from cold
 Q - the ring "Boux" (left hand) {Int+2 Dex+2 Slay+5}
   (You found it on level 2 of the Shoals)

   [ring of slaying]

   It affects your intelligence (+2).
   It affects your dexterity (+2).
   It affects your accuracy and damage with ranged weapons and melee attacks
   (+5).
Magical devices
 h - a wand of digging (1)
 i - a wand of enslavement (13)
 q - a wand of digging (15)
 r - a wand of fireball (7)
 y - a wand of hasting (3)
 C - a wand of paralysis (8)
 N - a wand of paralysis (9)
Scrolls
 d - 6 scrolls of recharging
 k - 4 scrolls of blinking
 t - 34 scrolls of remove curse
 u - 6 scrolls of identify
 H - 4 scrolls of fog
 M - 6 scrolls of fear
 X - 16 scrolls of teleportation
Potions
 l - 5 potions of cure mutation
 v - 3 potions of resistance
 J - 6 potions of heal wounds
 K - 6 potions of flight
 R - 10 potions of haste
 T - 3 potions of invisibility
 V - 3 potions of might
 Z - 11 potions of curing
Miscellaneous
 j - a phial of floods
Comestibles
 e - 14 bread rations
 U - 45 fruits
 W - 32 meat rations


   Skills:
 - Level 23.1 Fighting
 O Level 27 Axes
 - Level 10.0(13.1) Slings
 + Level 14.9(16.0) Throwing
 - Level 20.0 Armour
 - Level 20.3 Dodging
 - Level 12.1 Stealth
   Level 5.1 Shields
 - Level 6.7 Spellcasting
 - Level 7.0 Poison Magic
 - Level 5.0 Invocations


You had 35 spell levels left.
You knew the following spells:

 Your Spells              Type           Power        Failure   Level  Hunger
a - Cure Poison           Pois           ###.......   1%          2    #......
c - Repel Missiles        Chrm/Air       #.....       30%         2    #......


Dungeon Overview and Level Annotations

Branches:
Dungeon (15/15)            Temple (1/1) D:6            Lair (8/8) D:10
 Shoals (4/4) Lair:3       Spider (4/4) Lair:3        Slime (6/6) Lair:7
    Orc (4/4) D:11            Elf (3/3) Orc:4        Vaults (5/5) D:14
  Crypt (1/3) Vaults:3     Depths (5/5) D:15           Hell (1/1)
    Zot (5/5) Depths:5
    Dis: Hell:1         Geh: Hell:1         Coc: Hell:1         Tar: Hell:1

Altars:
Ashenzari
Cheibriados
Dithmenos
Elyvilon
Fedhas
Gozag
Kikubaaqudgha
Makhleb
Nemelex Xobeh
Okawaru
Qazlal
Ru
Sif Muna
Trog
Vehumet
Xom
Yredelemnul
Zin
The Shining One
Jiyva
Lugonu

Shops:
D:5 }   D:8 !   D:9 ![}   D:13 [   D:15 (   Orc:4 ?**!   Elf:1 (   Vaults:1 [
Vaults:2 *   Vaults:3 *   Depths:1 (   Depths:2 ?

Portals:
Hell: Depths:1 Depths:2 Depths:3 Depths:4 Depths:5
Abyss: Depths:3 Depths:4
Pandemonium: Depths:1 Depths:3 Depths:5
Ziggurat: Depths:1 Depths:4

Annotations:
Elf:1 exclusion: ice statue
Vaults:2 exclusion: orange crystal statue
Depths:3 exclusion: obsidian statue
Hell Geryon


Message History

You assume a fearsome visage.
The electric golem is unaffected.
The orb of fire is unaffected.
The hell beast is unaffected.
The hell beast completely misses you. x2
The orb of fire glows red.
The bolt of fire hits you! You resist.
* * * LOW HITPOINT WARNING * * *
The electric golem blinks!
The hell beast completely misses you. The hell beast tramples you!
* * * LOW HITPOINT WARNING * * *
You stumble backwards!
Read which item? (? for menu, Esc to quit)
Your blink will be uncontrolled - continue anyway? [Y]es or [N]o only, please.
Your blink will be uncontrolled - continue anyway?
A powerful magic prevents control of your teleportation.
You blink.
As you read the scroll of blinking, it crumbles to dust.
The electric golem hurls lightning at you.
The bolt of lightning hits you!
You die...

#......'......####8
#......#...8.......
#......#.#######.2.
#......#.# #.##
#......#.#######.#.
#########......#....##.§.#.
#..............####.L..###.
#..............'....##.# #.
#.........@.2<*#######.###.
#...........8§.# #...'.
#..............# #####.
################ ##


You could see an orb of fire, an electric golem and a hell beast.

Vanquished Creatures
  the royal jelly (Slime:6)
  4 orbs of fire (Zot:5)
  Mara (Vaults:2)
  Mennas (Depths:4)
  3 ancient liches
  A greater mummy (Depths:4)
  Boris (Vaults:4)
  Norris (Vaults:2)
  Saint Roka (Orc:4)
  3 Killer Klowns
  6 golden dragons
  Nikola (Shoals:2)
  Jory (Vaults:2)
  A bone dragon (Depths:5)
  3 liches
  An electric golem (Zot:5)
  11 tentacled monstrosities
  11 Orb Guardians (Zot:5)
  The ghost of HEYYEYAAE the Stormcaller, a mighty HuAE of Vehumet (Slime:6)
  11 tentacled starspawn (Abyss:1)
  2 deep elf blademasters
  5 titans (Vaults:5)
  A deep elf master archer (Elf:3)
  3 krakens
  11 sphinxes
  2 ancient champions
  33 acid blobs
  Kirke (Lair:5)
  9 shadow dragons
  18 azure jellies
  8 tengu reavers
  A draconian monk (Zot:5)
  6 storm dragons
  Ilsuiw (Shoals:3)
  The ghost of asdu the Brawler, a powerful TrHu of Cheibriados (Spider:4)
  8 fire giants
  10 frost giants
  An azure jelly (shapeshifter) (Depths:3)
  6 deep elf sorcerers
  Donald (Spider:1)
  3 draconian scorchers
  5 draconian knights
  A balrug (Abyss:1)
  15 vault wardens
  An orc warlord (Orc:2)
  3 draconian zealots (Zot:5)
  3 iron dragons
  5 ghost moths
  A curse skull (Crypt:1)
  5 emperor scorpions
  4 draconian shifters
  10 ironheart preservers
  The ghost of 4thArraOfDagon the Brawler, a powerful TrHu of Okawaru (Depths:2)
  8 draconian annihilators
  4 war gargoyles
  13 very ugly things
  4 rakshasas
  19 stone giants
  6 green draconians
  3 draconian callers
  2 black draconians
  5 deep elf demonologists
  A vampire knight (Depths:4)
  3 dire elephants (Zot:1)
  8 deep elf annihilators (Elf:3)
  4 purple draconians
  4 mottled draconians
  10 red draconians
  8 white draconians
  4 yellow draconians
  2 eidola (Crypt:1)
  A lorocyproca (Depths:5)
  6 merfolk javelineers
  Snorg (Lair:5)
  10 deep elf death magi
  3 blizzard demons
  11 crystal guardians
  34 vault guards
  3 mummy priests (Depths:4)
  8 fire dragons
  A minotaur (Lab)
  15 death oozes
  2 jiangshi (Crypt:1)
  10 merfolk impalers
  12 ettins
  6 entropy weavers
  14 great orbs of eyes
  18 yaktaur captains
  A hell beast (Depths:2)
  9 ice dragons
  6 deep elf high priests
  Harold (Orc:2)
  Erolcha (Orc:3)
  5 hydras
  6 death cobs
  A great orb of eyes (shapeshifter) (Depths:3)
  A death knight (Crypt:1)
  4 merfolk avatars
  5 merfolk aquamancers
  2 satyrs
  28 dancing weapons
  11 ogre magi
  An alligator snapping turtle (Shoals:4)
  A queen ant (Lair:7)
  3 salamander stormcallers
  11 death yaks
  A death yak (shapeshifter) (D:14)
  9 deep troll shamans
  4 vampire magi
  5 thrashing horrors (Abyss:1)
  4 orc high priests (Orc:4)
  11 deep troll earth magi
  4 tengu warriors
  5 centaur warriors
  Urug (Volcano)
  5 spriggan berserkers
  17 deep elf knights
  4 sun demons
  Nergalle (D:12)
  3 iron trolls
  A soul eater (Depths:4)
  7 sea snakes
  5 wretched stars (Abyss:1)
  12 hell knights
  8 skeletal warriors
  An ice devil (Abyss:1)
  4 unseen horrors
  2 ball lightnings (Depths:3)
  11 starcursed masses (Abyss:1)
  3 shadow wraiths
  3 phantasmal warriors
  3 flayed ghosts
  12 deep elf summoners
  13 giant orange brains
  7 necromancers
  2 ice statues (Depths:3)
  30 deep trolls
  A shadow dragon zombie (Vaults:3)
  13 harpies
  A swamp dragon (shapeshifter) (Vaults:5)
  A lindwurm (Lair:6)
  6 hill giants
  2 wolf spider zombies (D:15)
  2 harpies (shapeshifter)
  33 ugly things
  11 deep elf conjurers
  12 ironbrand convokers
  10 fauns
  17 orc knights
  7 hornets
  2 hornets (shapeshifter)
  A faun (shapeshifter) (Elf:1)
  4 water nymphs
  A wolf spider (shapeshifter) (Depths:3)
  13 orb spiders
  5 orc sorcerers
  A sixfirhy (Elf:3)
  8 cyclopes
  8 manticores
  14 griffons
  3 draconian zombies (Zot:5)
  A fire giant zombie (Vaults:3)
  14 shining eyes
  23 wolf spiders
  A fire giant skeleton (Abyss:1)
  2 rust devils
  A black mamba (Lair:7)
  13 sirens
  23 moths of wrath
  An iron dragon skeleton (Crypt:1)
  A frost giant skeleton (Vaults:3)
  A guardian serpent (shapeshifter) (Vaults:5)
  12 elephants
  2 worldbinders (Abyss:1)
  An apocalypse crab (Abyss:1)
  5 molten gargoyles
  3 centaur zombies
  12 vault sentinels
  3 torpor snails
  An orange demon (Abyss:1)
  3 torpor snails (shapeshifter)
  A drowned soul (Shoals:4)
  2 eyes of devastation (Slime:5)
  4 gargoyles
  A spiny frog (shapeshifter) (Vaults:4)
  4 kobold demonologists
  A white draconian zombie (Zot:5)
  19 spiny frogs
  3 komodo dragons
  3 yaktaurs (shapeshifter)
  2 efreet
  15 demonic crawlers
  4 fire drakes
  13 deep elf priests
  A tormentor (Abyss:1)
  6 freezing wraiths
  47 yaktaurs
  A spriggan druid (Lair:8)
  3 red devils
  15 small abominations
  A tengu conjurer (Depths:5)
  3 guardian mummies (Depths:4)
  2 jumping spiders (shapeshifter) (Depths:4)
  30 blink frogs
  A spriggan skeleton (Depths:2)
  6 polar bears (Lair:8)
  29 merfolk
  4 ancient zymes (Abyss:1)
  12 two-headed ogres
  2 blue devils
  25 jumping spiders
  2 wind drakes
  A blink frog (shapeshifter) (Depths:4)
  A moth of wrath zombie (Zot:5)
  117 slime creatures
  A minotaur skeleton (Crypt:1)
  12 trolls
  A spriggan zombie (Depths:1)
  2 queen bees (shapeshifter)
  6 boulder beetles
  4 ravens
  A giant leech (shapeshifter) (Vaults:5)
  8 raiju
  A human simulacrum (Vaults:3)
  6 snapping turtles
  3 wyverns
  4 shadows
  2 ynoxinuls
  3 air elementals (Depths:3)
  10 trapdoor spiders
  27 water elementals
  A two-headed ogre (shapeshifter) (Vaults:3)
  79 yaks
  13 spriggans (Lair:8)
  59 redbacks
  A golden eye (Slime:2)
  5 hogs
  7 humans (Zot:1)
  A basilisk (Lair:8)
  A spriggan (shapeshifter) (Depths:3)
  6 fire bats
  30 deep elf fighters
  2 hungry ghosts
  A vampire (Crypt:1)
  27 deep elf magi
  33 fire elementals
  2 neqoxecs (Abyss:1)
  16 tarantellas
  33 wolves
  4 chaos spawn
  8 wraiths
  12 hippogriffs
  11 wargs
  A spatial vortex (Abyss:1)
  17 vampire mosquitoes
  6 mottled dragons
  5 soldier ants
  4 hell hounds (Abyss:1)
  6 insubstantial wisps
  A swamp worm (Lair:3)
  21 water moccasins
  47 ogres
  12 eyes of draining
  51 orc warriors
  A necrophage (D:10)
  13 porcupines
  5 sky beasts
  10 ice beasts
  20 spiders
  4 wasps (Lair:8)
  4 phantoms
  7 black bears (Lair:8)
  37 centaurs
  A big kobold (shapeshifter) (Vaults:5)
  A human zombie (Vaults:3)
  11 crocodiles
  7 large abominations (Abyss:1)
  3 big kobolds
  35 giant frogs
  A water moccasin zombie (D:11)
  A wyvern zombie (D:11)
  7 earth elementals (Depths:3)
  A scorpion (shapeshifter) (Depths:3)
  A wyvern skeleton (D:14)
  10 killer bees
  3 scorpions
  14 wights
  3 quasits
  4 electric eels
  10 crimson imps
  36 orc priests
  7 hounds
  4 iron imps
  14 two-headed ogre zombies (Orc:3)
  A yaktaur simulacrum (Vaults:1)
  3 giant frog skeletons
  A lava snake (Volcano)
  35 orc wizards
  A basilisk zombie (Lair:5)
  2 giant frog zombies
  59 jellies
  11 centaur skeletons
  8 iguanas
  32 sheep
  3 hell rats
  18 worker ants
  2 spectral orcs (D:12)
  A crocodile zombie (Lair:5)
  A dwarf zombie (Crypt:1)
  A hound zombie (D:9)
  A hound skeleton (D:11)
  A mummy (Depths:4)
  11 adders
  4 gnolls (D:5)
  41 river rats
  2 worker ant zombies (D:7)
  6 shadow imps
  2 white imps
  23 oozes
  16 ufetubi
  2 adder skeletons
  9 worms
  3 giant geckos
  175 orcs
  5 bat skeletons
  4 giant cockroaches
  19 goblins
  26 hobgoblins
  30 kobolds
  5 quokkas
  13 bats
  2 giant gecko skeletons
  8 giant newts
  12 jackals
  A kobold skeleton (Crypt:1)
  A lurking horror (Abyss:1)
  A quokka skeleton (D:4)
  A quokka zombie (D:5)
  13 rats
  A river rat skeleton (Crypt:1)
  A butterfly (Lair:6)
  2 crawling corpses (Elf:3)
  18 fungi
  A lost soul (Elf:3)
  24 plants
  12 starspawn tentacles (Abyss:1)
  9 tentacles
3060 creatures vanquished.

Vanquished Creatures (others)
  An eldritch tentacle (Vaults:5)
  A draconian scorcher (Zot:3)
  A hell knight (Depths:5)
  5 ball lightnings
  A giant orange brain (Depths:3)
  A faun (Shoals:2)
  6 drowned souls
  A merfolk (Shoals:2)
  A wind drake (Depths:3)
  A deep elf mage (Elf:2)
  A yak (Lair:7)
  A deep elf fighter (Vaults:3)
  2 jellies (D:8)
  An orc wizard (Vaults:1)
  A white imp (Abyss:1)
  An ufetubus (Abyss:1)
  58 eldritch tentacle segments (Vaults:5)
  3 fungi
  4 lost souls (Elf:3)
  8 plants
  26 starspawn tentacles (Abyss:1)
  305 starspawn tentacle segments (Abyss:1)
  31 tentacles
  831 tentacle segments
1292 creatures vanquished.

Grand Total: 4352 creatures vanquished

Notes
Turn   | Place    | Note
--------------------------------------------------------------
     0 | D:1      | vonhedlund the Hill Orc Hunter began the quest for the Orb.
     0 | D:1      | Reached XP level 1. HP: 18/18 MP: 1/1
   229 | D:1      | Reached XP level 2. HP: 20/25 MP: 2/2
   778 | D:2      | Reached XP level 3. HP: 17/31 MP: 3/3
   906 | D:1      | Reached skill level 4 in Fighting
  1229 | D:2      | Reached XP level 4. HP: 36/41 MP: 4/4
  1709 | D:3      | Reached skill level 5 in Fighting
  1715 | D:3      | Reached XP level 5. HP: 19/50 MP: 5/5
  1835 | D:3      | Reached skill level 6 in Fighting
  2407 | D:3      | Reached skill level 1 in Axes
  2659 | D:4      | Reached XP level 6. HP: 57/57 MP: 6/6
  2794 | D:4      | Noticed a slave
  2794 | D:4      | Noticed a slave
  2794 | D:4      | Noticed a slave
  2795 | D:4      | Noticed an ogre
  3577 | D:4      | Noticed an ogre
  3672 | D:4      | Reached skill level 5 in Axes
  3754 | D:5      | Entered Level 5 of the Dungeon
  3977 | D:4      | Reached XP level 7. HP: 63/63 MP: 7/7
  4145 | D:4      | Killed an ogre
  4389 | D:5      | Reached skill level 7 in Axes
  4677 | D:5      | Reached skill level 1 in Armour
  4692 | D:5      | Found a radiant altar of Vehumet.
  4714 | D:5      | Found a blossoming altar of Fedhas.
  4788 | D:5      | Found Xucath's Gadget Emporium.
  5469 | D:6      | Reached XP level 8. HP: 46/70 MP: 8/8
  5636 | D:6      | Found a shattered altar of Ashenzari.
  5669 | D:6      | Found a staircase to the Ecumenical Temple.
  5750 | D:6      | Reached skill level 5 in Armour
  6051 | Temple   | Entered the Ecumenical Temple
  6092 | Temple   | Became a worshipper of Warmaster Okawaru
  6408 | D:7      | Killed an ogre
  6498 | D:7      | Got a warped hand axe
  6499 | D:7      | Identified the +6 hand axe of the Goat {freeze, Str+2} (You found it on level 7 of the Dungeon)
  6549 | D:7      | Found a bloodstained altar of Trog.
  6551 | D:7      | Found a basalt altar of Yredelemnul.
  6552 | D:7      | Found a shimmering altar of Xom.
  6576 | D:7      | Reached skill level 5 in Slings
  7032 | D:7      | Acquired Okawaru's first power
  7032 | D:7      | Reached XP level 9. HP: 75/75 MP: 9/9
  7122 | D:7      | Found a white marble altar of Elyvilon.
  7122 | D:7      | Found a glowing silver altar of Zin.
  7122 | D:7      | Found a glowing golden altar of the Shining One.
  7125 | D:7      | Upgraded the game from 0.17-a0-1176-g3d5a0d0 to 0.17-a0-1181-gabc46e6
  7183 | D:8      | Found a sparkling altar of Nemelex Xobeh.
  7252 | D:8      | Found a sacrificial altar of Ru.
  7471 | D:8      | Found Waetric's Distillery.
  7557 | D:8      | Reached skill level 8 in Axes
  7617 | D:8      | Reached skill level 9 in Axes
  7774 | D:8      | Bought a potion of curing for 45 gold pieces
  7774 | D:8      | Bought a potion of curing for 45 gold pieces
  7774 | D:8      | Bought a potion of curing for 45 gold pieces
  7832 | D:8      | Identified a +0 rod of shadows (9/9) (You found it on level 8 of the Dungeon)
  7859 | D:8      | Reached skill level 10 in Axes
  8341 | D:9      | Found Omenat's Gadget Emporium.
  8388 | D:9      | Reached skill level 11 in Axes
  8754 | D:9      | Found a shadowy altar of Dithmenos.
  8793 | D:9      | Reached XP level 10. HP: 76/83 MP: 10/10
  8828 | D:9      | Found Rueleom's Armour Shop.
  8929 | D:9      | Found a shimmering altar of Xom.
  8931 | D:9      | Found a shimmering altar of Xom.
  8932 | D:9      | Found a shimmering altar of Xom.
  8934 | D:9      | Found a shimmering altar of Xom.
  8987 | D:9      | Reached skill level 12 in Axes
  8995 | D:9      | Found Lozuicops's Distillery.
  9188 | D:10     | Entered Level 10 of the Dungeon
  9362 | D:10     | Received a gift from Okawaru
  9362 | D:10     | Reached skill level 13 in Axes
  9788 | D:10     | Found a staircase to the Lair.
  9794 | D:10     | Reached skill level 14 in Axes
 10430 | D:10     | Reached XP level 11. HP: 62/89 MP: 11/11
 10550 | D:10     | Received a gift from Okawaru
 10587 | D:10     | Acquired Okawaru's second power
 10787 | D:10     | Noticed a hill giant
 11113 | D:11     | Received a gift from Okawaru
 11146 | D:11     | Reached skill level 10 in Slings
 11374 | D:11     | Found a frozen archway.
 11599 | IceCv    | Entered an ice cave
 11671 | D:11     | Found a staircase to the Orcish Mines.
 12043 | Orc:1    | Entered Level 1 of the Orcish Mines
 12929 | Orc:2    | Noticed Harold
 12988 | Orc:2    | Noticed Erolcha
 12989 | Orc:2    | Cast into the Abyss (Erolcha)
 12989 | Abyss:1  | Found a corrupted altar of Lugonu.
 13008 | Abyss:1  | Found a corrupted altar of Lugonu.
 13028 | Orc:2    | Escaped the Abyss
 13159 | D:12     | Noticed a hill giant
 13193 | D:12     | Noticed Nergalle
 13250 | Lair:1   | Entered Level 1 of the Lair of Beasts
 13626 | Lair:1   | Reached skill level 10 in Armour
 13832 | Lair:1   | Reached XP level 12. HP: 70/96 MP: 12/12
 14385 | Lair:2   | Found a stormy altar of Qazlal.
 14861 | Lair:3   | Found a hole to the Spider Nest.
 14879 | Lair:3   | Received a gift from Okawaru
 15385 | Lair:3   | Found a staircase to the Shoals.
 15704 | Lair:4   | Received a gift from Okawaru
 15771 | Lair:4   | Reached skill level 10 in Fighting
 15878 | Lair:3   | Reached skill level 1 in Invocations
 16143 | Lair:4   | Received a gift from Okawaru
 16478 | Lair:4   | Reached skill level 5 in Invocations
 16505 | Lair:4   | Noticed a five-headed hydra
 16944 | Lair:4   | Noticed an eight-headed hydra
 17769 | D:10     | Killed a hill giant
 17907 | D:12     | Killed a hill giant
 17907 | D:12     | Reached XP level 13. HP: 67/114 MP: 16/16
 17996 | D:11     | Received a gift from Okawaru
 18138 | D:12     | Killed Nergalle
 18676 | D:11     | Received a gift from Okawaru
 18927 | D:13     | Found a labyrinth entrance.
 18936 | Lab      | Entered a labyrinth
 19972 | Lab      | Noticed a minotaur
 19977 | Lab      | Killed a minotaur
 19996 | Lab      | Got an ancient hand axe
 19998 | Lab      | Identified the +5 hand axe "Faruxkec" {chop, *Rage *Noise rElec rN++} (You found it in a labyrinth)
 19999 | Lab      | Identified a +4 rod of clouds (9/9) (You found it in a labyrinth)
 20000 | Lab      | Identified a +3 rod of clouds (11/11) (You found it in a labyrinth)
 20174 | D:13     | Reached skill level 15 in Axes
 20437 | D:13     | Found Unyfy's Armour Emporium.
 20874 | Lair:4   | Killed a four-headed hydra
 20903 | Lair:4   | Reached skill level 16 in Axes
 21072 | Lair:4   | Killed a six-headed hydra
 21072 | Lair:4   | Reached skill level 1 in Shields
 21352 | Lair:5   | Noticed Kirke
 21844 | Shoals:1 | Entered Level 1 of the Shoals
 21946 | Lair:3   | Reached skill level 5 in Shields
 22067 | D:9      | Bought the +10 ring mail of the Dice {MR+} for 865 gold pieces
 22093 | D:9      | Bought 2 potions of curing for 96 gold pieces
 22368 | Orc:2    | Killed Harold
 22368 | Orc:2    | Received a gift from Okawaru
 22587 | Orc:3    | Noticed an orc warlord
 23123 | Orc:2    | Killed an orc warlord
 23398 | Orc:3    | Received a gift from Okawaru
 23425 | Orc:3    | Killed Erolcha
 23425 | Orc:3    | Reached XP level 14. HP: 100/125 MP: 17/17
 23698 | Orc:3    | Received a gift from Okawaru
 23946 | Orc:4    | Entered Level 4 of the Orcish Mines
 23985 | Orc:4    | Upgraded the game from 0.17-a0-1181-gabc46e6 to 0.17-a0-1184-gb75be8f
 24273 | Orc:4    | Found a staircase to the Elven Halls.
 24453 | Orc:4    | Received a gift from Okawaru
 24472 | Orc:4    | Got a polished great sword {god gift}
 24510 | Orc:4    | Identified the +5 great sword of Yzuxerec {slice, +Fly rN+ Stlth+} (Okawaru gifted it to you on level 4 of the Orcish Mines)
 24926 | Orc:4    | Found Zojum's Magic Scroll Shoppe.
 24926 | Orc:4    | Found Heokh's General Store.
 25271 | Orc:4    | Noticed Saint Roka
 25294 | Orc:4    | Killed Saint Roka
 25571 | Orc:4    | Found Jiyneus's Distillery.
 25573 | Orc:4    | Found Ygafasm's General Store.
 25641 | Orc:4    | Received a gift from Okawaru
 25671 | Orc:4    | Bought a potion of heal wounds for 50 gold pieces
 25674 | Orc:4    | Bought a scroll of identify for 30 gold pieces
 25675 | Orc:4    | Bought a scroll of identify for 30 gold pieces
 25976 | Elf:1    | Entered Level 1 of the Elven Halls
 26006 | Elf:1    | Reached skill level 15 in Fighting
 26302 | D:13     | Reached skill level 1 in Stealth
 27168 | D:14     | Received a gift from Okawaru
 27465 | D:14     | Reached skill level 5 in Stealth
 27540 | D:14     | Noticed a vault guard
 27544 | D:14     | Noticed a vault guard
 27550 | D:14     | Killed a vault guard
 27563 | D:14     | Killed a vault guard
 27574 | D:14     | Noticed a vault guard
 27611 | D:14     | Reached XP level 15. HP: 112/141 MP: 18/18
 27645 | D:14     | Killed a vault guard
 27677 | D:14     | Found a gate to the Vaults.
 28158 | D:14     | Noticed a vault guard
 28171 | D:14     | Killed a vault guard
 28364 | D:15     | Entered Level 15 of the Dungeon
 28607 | D:15     | Found Qodokaph's Antique Weapon Emporium.
 28745 | D:15     | Found a staircase to the Depths.
 28745 | D:15     | Noticed a fire giant
 29370 | D:14     | Received a gift from Okawaru
 30137 | D:11     | Received a gift from Okawaru
 30140 | D:11     | Got a warped cloak {god gift}
 30146 | D:11     | Identified the +2 cloak of the Hanged Man {rElec Regen+ Int-5 Dex+6} (Okawaru gifted it to you on level 11 of the Dungeon)
 30288 | Lair:5   | Killed Kirke
 30454 | Lair:5   | Reached skill level 10 in Stealth
 30519 | Lair:5   | Noticed Snorg
 30528 | Lair:5   | Killed Snorg
 31135 | Lair:6   | Found a dark tunnel.
 31144 | Lair:6   | Upgraded the game from 0.17-a0-1184-gb75be8f to 0.17-a0-1197-g2d00c63
 31145 | Volcano  | Entered a volcano
 31421 | Volcano  | Found a bloodstained altar of Trog.
 31421 | Volcano  | Noticed Urug
 31513 | Volcano  | Killed Urug
 32094 | Lair:6   | Reached skill level 5 in Dodging
 32554 | Lair:7   | Reached XP level 16. HP: 149/149 MP: 19/19
 32966 | Lair:7   | Found a staircase to the Slime Pits.
 33362 | Lair:7   | Received a gift from Okawaru
 33531 | Lair:7   | Reached skill level 17 in Axes
 33852 | Lair:8   | Entered Level 8 of the Lair of Beasts
 33959 | Lair:8   | Received a gift from Okawaru
 34199 | Lair:8   | Received a gift from Okawaru
 34234 | Lair:8   | Reached skill level 18 in Axes
 34780 | Lair:8   | Received a gift from Okawaru
 35003 | Lair:8   | Received a gift from Okawaru
 35021 | Lair:8   | Identified a +2 pair of boots of running (Okawaru gifted it to you on level 8 of the Lair of Beasts)
 35339 | Lair:8   | Identified a +4 rod of the swarm (14/14) (You found it on level 8 of the Lair of Beasts)
 35371 | Lair:8   | Reached skill level 19 in Axes
 36186 | Shoals:1 | Noticed a merfolk impaler
 36219 | Shoals:1 | Killed a merfolk impaler
 36613 | Shoals:2 | Reached skill level 20 in Axes
 36765 | Shoals:2 | Noticed Nikola
 36851 | Shoals:2 | Reached XP level 17. HP: 137/156 MP: 20/20
 36937 | Shoals:2 | Got an ancient turquoise ring
 36939 | Shoals:2 | Identified the ring "Boux" {Int+2 Dex+2 Slay+5} (You found it on level 2 of the Shoals)
 36971 | Shoals:2 | Noticed a kraken
 37012 | Shoals:2 | Killed a kraken
 37363 | Shoals:2 | Killed Nikola
 37619 | Shoals:3 | Received a gift from Okawaru
 37667 | Shoals:3 | Got a heavily runed plate armour {god gift}
 37678 | Shoals:3 | Identified the +1 plate armour of the Harvest {+Inv rElec rF- Str-3} (Okawaru gifted it to you on level 3 of the Shoals)
 37728 | Shoals:3 | Reached skill level 15 in Armour
 37920 | Shoals:3 | Got an ancient hand crossbow
 37921 | Shoals:3 | Identified the +8 hand crossbow of Cruel Justice {venom, *Drain MP+9 Str+4 Int+2} (You found it on level 3 of the Shoals)
 38160 | Shoals:4 | Entered Level 4 of the Shoals
 38177 | Shoals:4 | Noticed Ilsuiw
 38971 | Shoals:3 | Killed Ilsuiw
 39042 | Shoals:3 | Upgraded the game from 0.17-a0-1197-g2d00c63 to 0.17-a0-1210-g1e4f09d
 39176 | Shoals:4 | Learned a level 2 spell: Cure Poison
 39306 | Shoals:4 | Learned a level 1 spell: Sting
 39319 | Shoals:4 | Received a gift from Okawaru
 39964 | Shoals:4 | Reached XP level 18. HP: 154/163 MP: 21/21
 40172 | Shoals:4 | Got a barnacled rune of Zot
 40245 | Shoals:4 | Identified the Papyrus of Feathery Attacks
 40750 | Slime:1  | Entered Level 1 of the Pits of Slime
 40759 | Slime:1  | Reached skill level 10 in Dodging
 40825 | Slime:2  | Reached skill level 1 in Poison Magic
 41677 | Vaults:1 | Entered Level 1 of the Vaults
 41724 | Vaults:1 | Found Yppyojalo's Armour Shoppe.
 42559 | D:15     | Killed a fire giant
 42584 | Depths:1 | Entered Level 1 of the Depths
 42665 | D:14     | Received a gift from Okawaru
 42764 | Vaults:1 | Reached skill level 5 in Poison Magic
 42826 | Vaults:1 | Learned a level 2 spell: Repel Missiles
 42957 | Vaults:1 | Reached skill level 1 in Spellcasting
 42991 | Vaults:1 | Noticed a tentacled monstrosity
 43002 | Vaults:1 | Killed a tentacled monstrosity
 43593 | Vaults:1 | Identified a scroll of acquirement
 43599 | Vaults:1 | Got a warped hat
 43610 | Vaults:1 | Identified the +0 hat "Vymn" {Int+2} (You acquired it on level 1 of the Vaults)
 44180 | Vaults:2 | Reached skill level 5 in Spellcasting
 44455 | Vaults:2 | Received a gift from Okawaru
 44829 | Vaults:2 | Reached XP level 19. HP: 170/170 MP: 14/29
 45218 | Vaults:2 | Reached skill level 5 in Throwing
 45229 | Vaults:2 | Noticed Norris
 45295 | Vaults:2 | Found Zizuw's General Store.
 45298 | Vaults:2 | Bought a scroll of blinking for 135 gold pieces
 45298 | Vaults:2 | Bought the +8 war axe of Desperation {flame, rPois SInv} for 1110 gold pieces
 45316 | Vaults:2 | Noticed Mara
 45716 | Vaults:2 | Noticed Jory
 46842 | Orc:4    | Bought a meat ration for 55 gold pieces
 46844 | Orc:4    | Bought a potion of heal wounds for 75 gold pieces
 47225 | Elf:1    | Found Luuxzuo's Antique Weapon Shoppe.
 47240 | Elf:1    | Got a polished chain mail
 47246 | Elf:1    | Identified the +5 chain mail of Nagg {*Contam rC+ Str+7} (You found it on level 1 of the Elven Halls)
 47308 | Elf:1    | Received a gift from Okawaru
 47361 | Elf:1    | Got a polished shield {god gift}
 47383 | Elf:1    | Identified the +2 shield of Pasieps {Str+3} (Okawaru gifted it to you on level 1 of the Elven Halls)
 47937 | Elf:3    | Entered Level 3 of the Elven Halls
 47998 | Elf:2    | Found a runed gate.
 47998 | Elf:2    | Found a runed gate.
 47999 | Elf:2    | Found a runed gate.
 48538 | Elf:2    | Reached skill level 10 in Throwing
 49841 | Elf:3    | Received a gift from Okawaru
 49841 | Elf:3    | Reached XP level 20. HP: 120/178 MP: 30/30
 50006 | Elf:3    | Received a gift from Okawaru
 50178 | Elf:3    | Received a gift from Okawaru
 50193 | Elf:3    | Cast into the Abyss (a deep elf demonologist)
 50195 | Abyss:1  | Found a corrupted altar of Lugonu.
 50347 | Abyss:1  | Lost intelligence.
 50936 | Abyss:1  | Got an ancient chain mail
 51417 | Abyss:1  | Noticed a bone dragon
 51760 | Abyss:1  | Found a shattered altar of Ashenzari.
 52114 | Abyss:1  | Found a corrupted altar of Lugonu.
 52729 | Elf:3    | Escaped the Abyss
 52759 | Elf:3    | Got a wavering bronze ring
 52770 | Elf:3    | Identified the ring "Faxum" {rPois rF++ rC- MP+9 Int+2} (You took it off a deep elf annihilator on level 3 of the Elven Halls)
 53038 | Elf:3    | Reached XP level 21. HP: 159/184 MP: 31/31
 53070 | Elf:3    | Got a brightly glowing chain mail
 53096 | Elf:3    | Identified the +7 chain mail of Virtue {MR+ Str+4} (You found it on level 1 of the Abyss)
 53106 | Elf:3    | Identified the +4 chain mail of Curiosity {Dex+2} (You found it on level 3 of the Elven Halls)
 53139 | Elf:3    | Identified Egyosk's Reference Book on Malediction (You found it on level 3 of the Elven Halls)
 53211 | Elf:3    | Received a gift from Okawaru
 53223 | Elf:3    | Got a pair of polished gloves {god gift}
 53229 | Elf:3    | Identified the -5 pair of gloves of the Ten Moons {MR+} (Okawaru gifted it to you on level 3 of the Elven Halls)
 53617 | Spider:1 | Entered Level 1 of the Spider Nest
 53837 | Spider:1 | Noticed Donald
 53847 | Spider:1 | Killed Donald
 54025 | Spider:2 | Got a brightly glowing leather armour
 54036 | Spider:2 | Identified the +1 leather armour of the Yeti {rPois rN+} (You found it on level 2 of the Spider Nest)
 55028 | Spider:4 | Entered Level 4 of the Spider Nest
 55028 | Spider:4 | Noticed asdu's ghost (powerful TrHu)
 55044 | Spider:4 | Killed asdu's ghost
 55669 | Spider:4 | Received a gift from Okawaru
 55716 | Spider:4 | Got an ichor-stained hat {god gift}
 55727 | Spider:4 | Identified the -2 hat of Boorir {*Confuse MR- Str+5 Dex+2} (Okawaru gifted it to you on level 4 of the Spider Nest)
 55760 | Spider:4 | Got a gossamer rune of Zot
 56571 | Vaults:2 | Killed Jory
 56716 | Vaults:2 | Noticed vonhedlund's illusion
 56716 | Vaults:2 | Killed Mara
 57035 | Vaults:3 | Found a staircase to the Crypt.
 57411 | Vaults:3 | Reached XP level 22. HP: 198/203 MP: 32/32
 58088 | Vaults:4 | Found a flickering gateway to a bazaar.
 58108 | Bazaar   | Entered a bazaar
 58111 | Bazaar   | Found Xyhop's Distillery.
 58119 | Bazaar   | Bought a potion of curing for 48 gold pieces
 58119 | Bazaar   | Found Gizuhisi's Food Shop.
 58128 | Bazaar   | Found Ikoan's Antique Armour Boutique.
 58161 | Bazaar   | Found Fegiah's Antique Armour Emporium.
 58167 | Bazaar   | Bought a transparent scale mail for 225 gold pieces
 58178 | Bazaar   | Identified the +6 scale mail of the Forgotten Mice {rF+ MR+} (You bought it in a shop in a bazaar)
 58222 | Bazaar   | Bought a meat ration for 35 gold pieces
 58222 | Bazaar   | Bought a meat ration for 35 gold pieces
 58222 | Bazaar   | Bought a meat ration for 35 gold pieces
 58222 | Bazaar   | Bought a meat ration for 35 gold pieces
 58222 | Bazaar   | Bought a meat ration for 35 gold pieces
 58606 | Vaults:4 | Received a gift from Okawaru
 58772 | Vaults:4 | Noticed Boris
 59765 | Depths:1 | Received a gift from Okawaru
 59965 | Depths:1 | Found a gateway to Hell.
 60208 | Depths:1 | Upgraded the game from 0.17-a0-1210-g1e4f09d to 0.17-a0-1242-gbd1319d
 60309 | Depths:1 | Found a one-way gate leading to the halls of Pandemonium.
 60355 | Depths:1 | Found Vocoi's Weapon Shoppe.
 60651 | Depths:1 | Found a gateway to a ziggurat.
 60742 | Depths:1 | Upgraded the game from 0.17-a0-1242-gbd1319d to 0.17-a0-1245-g990a8d8
 60897 | Depths:2 | Noticed 4thArraOfDagon's ghost (powerful TrHu)
 60917 | Depths:2 | Killed 4thArraOfDagon's ghost
 60925 | Depths:2 | Received a gift from Okawaru
 61338 | Depths:2 | Received a gift from Okawaru
 61338 | Depths:2 | Reached XP level 23. HP: 196/210 MP: 33/33
 61434 | Depths:2 | Reached skill level 15 in Dodging
 61558 | Depths:1 | Upgraded the game from 0.17-a0-1245-g990a8d8 to 0.17-a0-1301-ga863c44
 61674 | Depths:2 | Received a gift from Okawaru
 62240 | Depths:2 | Found Jorash's Magic Scroll Shoppe.
 63098 | Depths:4 | Found a corrupted altar of Lugonu.
 63099 | Depths:4 | Found a one-way gate to the infinite horrors of the Abyss.
 63195 | Depths:4 | Received a gift from Okawaru
 63349 | Depths:4 | Noticed a greater mummy
 63402 | Depths:4 | Found a gateway to a ziggurat.
 63427 | Depths:4 | Noticed Mennas
 64840 | Depths:2 | Reached XP level 24. HP: 186/218 MP: 33/33
 65364 | Vaults:3 | Found Cijel's Assorted Antiques.
 65372 | Vaults:3 | Bought a fine war axe for 170 gold pieces
 65373 | Vaults:3 | Identified the cursed +1 war axe "Giantbane" {drain, Dex+7} (You bought it in a shop on level 3 of the Vaults)
 65647 | Vaults:5 | Entered Level 5 of the Vaults
 65693 | Vaults:5 | Reached skill level 21 in Axes
 65869 | Vaults:5 | Received a gift from Okawaru
 65872 | Vaults:5 | Got a faintly glowing ring mail {god gift}
 66081 | Vaults:5 | Reached skill level 22 in Axes
 66228 | Vaults:5 | Got a silver rune of Zot
 66306 | Vaults:5 | Upgraded the game from 0.17-a0-1301-ga863c44 to 0.17-a0-1311-gbcbd859
 66363 | Vaults:5 | Got a shimmering ring mail
 66484 | Vaults:5 | Noticed an ancient lich
 66597 | Vaults:4 | Killed Boris
 66597 | Vaults:4 | Reached skill level 23 in Axes
 66704 | Vaults:3 | Identified the +1 ring mail of Foobbaga {Dex+4 Stlth+} (Okawaru gifted it to you on level 5 of the Vaults)
 66714 | Vaults:3 | Identified the +4 ring mail of Tywnef {MR++ Str+3 Int-2 Dex+4} (You found it on level 5 of the Vaults)
 67203 | Vaults:5 | Received a gift from Okawaru
 67205 | Vaults:5 | Got a coiled ruby amulet
 67208 | Vaults:5 | Got a pair of ichor-stained boots {god gift}
 67306 | Vaults:5 | Noticed an ancient lich
 67326 | Vaults:5 | Killed an ancient lich
 67326 | Vaults:5 | Reached XP level 25. HP: 44/225 MP: 27/33
 67347 | Vaults:5 | Reached skill level 24 in Axes
 67503 | Vaults:5 | Identified the amulet "Luliohon" {rMut Str+4 Stlth+} (You took it off an ironbrand convoker on level 5 of the Vaults)
 67790 | Vaults:5 | Identified the -4 pair of boots of Conscience {MR+ Dex+3} (Okawaru gifted it to you on level 5 of the Vaults)
 68092 | Vaults:5 | Got a sparkling tin ring
 68095 | Vaults:5 | Identified the ring of the Six Suns {-Tele AC+5 Int+5} (You took it off a yaktaur captain on level 5 of the Vaults)
 68182 | Crypt:1  | Entered Level 1 of the Crypt
 68386 | Crypt:1  | Reached skill level 25 in Axes
 68862 | Crypt:1  | Received a gift from Okawaru
 69054 | Vaults:2 | Killed Norris
 69558 | Slime:1  | Found a viscous altar of Jiyva.
 69605 | Slime:2  | Found a viscous altar of Jiyva.
 69715 | Slime:4  | Received a gift from Okawaru
 70118 | Slime:6  | Entered Level 6 of the Pits of Slime
 70118 | Slime:6  | Noticed HEYYEYAAE's ghost (mighty HuAE)
 70141 | Slime:6  | Killed HEYYEYAAE's ghost
 70629 | Slime:6  | Gained mutation: You are clumsy. (Dex -2) [a shining eye]
 70706 | Slime:6  | Gained mutation: Armour fits poorly on your strangely shaped body. [a shining eye]
 70716 | Slime:6  | Noticed the royal jelly
 71076 | Slime:3  | Lost mutation: Armour fits poorly on your strangely shaped body. [potion of cure mutation]
 71076 | Slime:3  | Lost mutation: You are clumsy. (Dex -2) [potion of cure mutation]
 71572 | Depths:5 | Entered Level 5 of the Depths
 72171 | Depths:4 | Killed Mennas
 72352 | Depths:5 | Received a gift from Okawaru
 72460 | Depths:5 | Reached XP level 26. HP: 244/244 MP: 33/33
 72572 | Depths:5 | Found a gate to the Realm of Zot.
 72593 | Depths:5 | Received a gift from Okawaru
 72842 | Depths:5 | Received a gift from Okawaru
 72865 | Depths:5 | Got a crude battleaxe {god gift}
 72872 | Depths:5 | Identified the +10 battleaxe of Okawaru's Reproof {pain, rPois Int+4 Dex+4} (Okawaru gifted it to you on level 5 of the Depths)
 73351 | Depths:5 | Upgraded the game from 0.17-a0-1311-gbcbd859 to 0.17-a0-1324-ga541562
 73423 | Depths:5 | Reached skill level 26 in Axes
 73612 | Depths:4 | Received a gift from Okawaru
 73728 | Depths:4 | Received a gift from Okawaru
 73797 | Depths:4 | Killed a greater mummy
 73986 | Hell     | Entered the Vestibule of Hell
 73986 | Hell     | Noticed Geryon
 74067 | Zot:1    | Entered Level 1 of the Realm of Zot
 74181 | Zot:1    | Received a gift from Okawaru
 74475 | Zot:1    | Reached skill level 27 in Axes
 75447 | Zot:1    | Received a gift from Okawaru
 75602 | Zot:2    | Received a gift from Okawaru
 75638 | Zot:2    | Reached XP level 27. HP: 249/258 MP: 33/33
 76425 | Zot:3    | Received a gift from Okawaru
 76834 | Zot:3    | Received a gift from Okawaru
 77228 | Zot:5    | Entered Level 5 of the Realm of Zot
 77653 | Zot:5    | Noticed an orb of fire
 78509 | Slime:3  | Received a gift from Okawaru
 78519 | Slime:3  | Got a brightly glowing ice dragon armour {god gift}
 78530 | Slime:3  | Identified the +0 ice dragon armour of Okawaru's Pride {rF- rC++ rCorr Str-3 SInv} (Okawaru gifted it to you on level 3 of the Pits of Slime)
 79834 | Slime:6  | Killed the royal jelly
 79925 | Slime:6  | Got a slimy rune of Zot
 79935 | Slime:6  | Got a bound turquoise ring
 80001 | Slime:6  | Got a fine brass amulet
 80003 | Slime:6  | Got a warped lapis lazuli ring
 80027 | Slime:6  | Identified the ring of Laef {Str+4 Int+4} (You found it on level 6 of the Pits of Slime)
 80029 | Slime:6  | Identified the ring "Viraojunt" {+Blink rF+ MP-9 Dex+5} (You found it on level 6 of the Pits of Slime)
 80035 | Slime:6  | Identified the amulet of Desonk {rCorr rElec Dex+4} (You found it on level 6 of the Pits of Slime)
 80119 | Slime:6  | Got an encrusted arbalest
 80120 | Slime:6  | Identified the +4 arbalest of Severance {flame, rF+} (You found it on level 6 of the Pits of Slime)
 80553 | Orc:4    | Bought a potion of haste for 100 gold pieces
 80553 | Orc:4    | Bought a potion of cure mutation for 350 gold pieces
 80553 | Orc:4    | Bought a potion of haste for 100 gold pieces
 81108 | Depths:4 | Received a gift from Okawaru
 81111 | Depths:4 | Got a distressingly furry cloak {god gift}
 81124 | Depths:4 | Identified the +2 cloak of the Manifold Wonders {rC+ rN+ Str+4 SInv} (Okawaru gifted it to you on level 4 of the Depths)
 82021 | Zot:5    | Killed an orb of fire
 82542 | Zot:5    | Noticed an ancient lich
 82580 | Zot:5    | Killed an ancient lich
 82612 | Zot:5    | Noticed an orb of fire
 82620 | Zot:5    | Gained mutation: Scrolls take you a little longer to read. [an orb of fire]
 82634 | Zot:5    | Killed an orb of fire
 82636 | Zot:5    | Noticed an ancient lich
 82662 | Zot:5    | Noticed an orb of fire
 82673 | Zot:5    | Killed an orb of fire
 82681 | Zot:5    | Received a gift from Okawaru
 82746 | Zot:5    | Noticed an ancient lich
 82774 | Zot:5    | Killed an ancient lich
 82800 | Zot:5    | Noticed an orb of fire
 82816 | Zot:5    | Killed an orb of fire
 82823 | Zot:5    | Noticed an orb of fire
 82885 | Zot:5    | Lost mutation: Scrolls take you a little longer to read. [potion of cure mutation]
 82887 | Zot:5    | Killed from afar by an electric golem

Vault maps used:
D:1:      lightli_arrival_maybe_door_vault
D:4:      first_bread, st_stairs_4, uniq_pikel
D:5:      kennysheep_mini_moat, fedhas_altar_fruit_tree, serial_shops, shop,
          hangedman_glass_garden
D:6:      minmay_temple_entry_grid, cheibrodos_ashenzari_chains
D:7:      good_gods_mini_temple, minitemple
D:8:      lemuel_crystal_altar, nicolae_ru_sacrificial_ziggurat, serial_shops,
          shop, grunt_ogre_cave
D:9:      nicolae_dithmenos_through_a_glass_darkly, serial_shops,
          nicolae_shop_competitors_out_of_business, shop_coins, shop_statue,
          xom_redecorated
D:10:     minmay_lair_entry_lava, st_stairs_14
D:11:     orc_0_dummy, portal_ice_cave_entry_ice_beasts, kennysheep_doodads
D:12:     serial_glass, glass_columns_a, glass_columns_a, glass_columns_b,
          glass_columns_b, glass_columns_b, glass_columns_c, glass_columns_b,
          glass_columns_c, pond, uniq_nergalle
D:13:     lab_entry_generic, serial_shops, shop_fountains
D:14:     lightli_vaults_fourway_checkpoint
D:15:     grunt_enter_depths_giant_problem, serial_shops, shop,
          grunt_decor_one_mirror, roderic_lattice_a, spider_trap,
          minmay_joined_circles
Temple:   corrupted_temple
Lair:2:   basic_altar
Lair:3:   minmay_shoals_entry_lonely_mermaid, nicolae_spider_entry_orb_guardian,
          worms_lemuel
Lair:4:   nicolae_swamp_entry_splash_gauntlet, grunt_megastairs_2,
          infiniplex_staircase_pool, serial_bayou_shore_a
Lair:5:   pond_and_an_island_with_a_cottage, uniq_kirke, uniq_snorg
Lair:6:   enter_volcano_3, lemuel_fruit_fields
Lair:7:   lemuel_slime, dpeg_slime_entry_corner, wad_woods_antlair
Lair:8:   minmay_lair_end_enchanted_forest
Shoals:2: uniq_nikola
Shoals:4: shoals_end_hangedman, shoal_ilsuiw, nicolae_shoals_aquamancer_cove
Spider:1: uniq_donald
Spider:2: guppyfry_spider_mini_2, nicolae_spider_cling_halls
Spider:4: spider_rune_water, einodemon_crawler_minivault
Slime:1:  basic_altar, nicolae_slime_barrier
Slime:2:  basic_altar
Slime:4:  nicolae_slime_round_cave
Slime:5:  cheibrodos_slime_lost_civilization_4
Orc:2:    uniq_harold, uniq_erolcha
Orc:3:    lemuel_ogre_cave, nicolae_orc_pool_cavern, statue_in_the_mist_lemuel
Orc:4:    st_orc_mages, uniq_saint_roka
Elf:1:    lemuel_ice_statue, serial_shops, nicolae_shop_overgrown_old_shop,
          minivault_28
Elf:3:    minmay_elf_hall_x, minmay_misc_feat_five, corexii_checkpoint_a
Vaults:1: vaults_room_pools, v_misc_23, v_misc_8, ontoclasm_vaults_hangar,
          grunt_vaults_diagonal, vaults_dpeg_hooks, serial_shops, shop
Vaults:2: vaults_mumra_chevron_long, nicolae_vaults_alarming,
          nicolae_vaults_mini_display_case, nicolae_vaults_statue_guard,
          hangedman_vaults_snaps, v_misc_32, ontoclasm_vaults_ring_small,
          hangedman_vaults_stitches, v_rooms_3, vaults_room_door_ring,
          ontoclasm_vaults_loading_screen, ontoclasm_vaults_ring_small,
          nicolae_vaults_rhombus_6, nicolae_vaults_little_squares_4,
          vaults_room_fancy_cross, serial_shops, shop, uniq_mara, uniq_jory,
          uniq_norris
Vaults:3: vaults_mumra_hexcomb, v_pattern_4, vaults_room_ringed_pool,
          nicolae_vaults_yaktaur_gun_rack, minmay_crypt_entry_simple_corners,
          hangedman_vaults_restitches, vaults_room_door_hall, v_misc_19,
          v_misc_8, ontoclasm_vaults_eye, nicolae_vaults_rhombus_6,
          vaults_dpeg_encased_lava, ontoclasm_vaults_decontamination,
          serial_shops, shop
Vaults:4: vaults_room_boxed, ontoclasm_vaults_spin, grunt_vaults_focal,
          v_rooms_1, vaults_room_grid, grunt_vaults_hallway_long,
          grunt_vaults_bifocal, v_misc_17, nicolae_vaults_big_ls,
          hangedman_vaults_unwind, v_misc_30, nicolae_vaults_asterisk,
          serial_shops, bzr_entry_dummy, uniq_boris
Vaults:5: serial_shops
Crypt:1:  grunt_crypt_arrival_split, grunt_megastairs_3
Depths:1: enter_ziggurat_c, serial_shops, shop_fountains,
          rand_demon_pan_entry_5, hell_entry,
          hangedman_abyss_or_decor_lesser_grid, st_stairs_10,
          grunt_ministairs_10, lemuel_old_faithful
Depths:2: minmay_crescents, grunt_mini_vestibule, corexii_leaking_fountain,
          serial_shops, shop_statue
Depths:3: radiant_caverns_b_rkd, pan_entry, hell_entry, abyss_entry
Depths:4: ragdoll_tomb_raider, enter_ziggurat_e, serial_sigils_hangedman_etch,
          hell_entry, abyss_entry_flame_altar, minmay_acid_items, uniq_mennas
Depths:5: grunt_zot_entry_tricorne, rand_demon_pan_entry_4, hell_entry
Zot:1:    circus_mu
Zot:2:    lemuel_firehouse
Zot:3:    lemuel_draconian_sentries
Zot:4:    basic_stair_grate_trap
Zot:5:    guppyfry_library_mini
Lab:      nicolae_lab_grate, labyrinth_skeletal_remains, nicolae_lab_starburst
Bazaar:   bazaar_kb_twisted_cavern
IceCv:    ice_cave_statue_garden_01
Volcano:  volcano_lake

Action                   |  1- 3 |  4- 6 |  7- 9 | 10-12 | 13-15 | 16-18 | 19-21 | 22-24 | 25-27 || total
-------------------------+-------+-------+-------+-------+-------+-------+-------+-------+-------++-------
Melee: Short sword       |    27 |       |       |       |       |       |       |       |       ||    27
       War axe           |       |    88 |   126 |       |       |       |  1326 |  1561 |   736 ||  3837
       Hand axe          |       |       |   170 |   851 |  1189 |   601 |       |       |       ||  2811
       Executioner's axe |       |       |       |    24 |   200 |    33 |       |       |   319 ||   576
       Broad axe         |       |       |       |       |   215 |  1025 |    82 |   104 |       ||  1426
       Battleaxe         |       |       |       |       |       |       |    13 |    59 |   705 ||   777
 Fire: Hunting sling     |   105 |   138 |   134 |   405 |   405 |   338 |   390 |    38 |       ||  1953
       Blowgun           |       |       |    16 |    17 |     2 |       |       |       |       ||    35
       Greatsling        |       |       |       |       |       |       |       |   130 |   106 ||   236
Throw: Tomahawk          |    19 |     4 |    18 |    26 |    98 |    83 |    60 |    67 |    55 ||   430
       Javelin           |       |       |    15 |    15 |     4 |    42 |    21 |    11 |    61 ||   169
 Cast: Cure Poison       |       |       |       |       |       |     1 |     7 |    11 |     9 ||    28
Invok: Heroism           |       |       |       |     1 |     2 |     2 |     2 |     3 |     4 ||    14
       Finesse           |       |       |       |       |     2 |     2 |     2 |     3 |     5 ||    14
Evoke: Wand              |       |       |     1 |       |       |     3 |       |       |     8 ||    12
       Rod               |       |       |       |     1 |     2 |       |       |       |       ||     3
  Use: Potion            |       |     4 |     2 |       |     3 |     3 |     1 |     2 |     6 ||    21
       Scroll            |       |       |     5 |    11 |    19 |     8 |     7 |     9 |    19 ||    78
 Stab: Sleeping          |       |     1 |     3 |       |    10 |     9 |    19 |    11 |    42 ||    95
       Distracted        |       |     1 |       |     1 |     3 |     3 |     4 |     6 |     7 ||    25
       Fleeing           |       |       |       |       |       |     1 |       |       |       ||     1
       Invisible         |       |       |       |       |       |       |     1 |       |       ||     1
       Confused          |       |       |       |       |       |       |       |       |     1 ||     1
  Eat: Chunk             |     1 |     8 |     8 |    21 |    26 |    30 |    22 |     8 |     9 ||   133
       Meat ration       |       |       |     1 |       |       |       |       |     1 |     2 ||     4
       Fruit             |       |       |     3 |     3 |       |       |     3 |     6 |    16 ||    31
       Pizza             |       |       |       |     2 |     1 |       |       |       |     2 ||     5
       Royal jelly       |       |       |       |     1 |     1 |     1 |     1 |       |       ||     4
       Beef jerky        |       |       |       |       |     8 |     1 |       |     1 |     2 ||    12
       Bread ration      |       |       |       |       |     2 |     1 |     3 |     3 |     2 ||    11
